 Dungeon Crawl Stone Soup version 0.22.1-2-g9c5b331 (webtiles) character file.

13034 PipTheRed the Cleaver (level 11, -4/97 HPs)
             Began as a Minotaur Gladiator on Nov 27, 2018.
             Was a High Priest of Trog.
             Slain by a five-headed hydra (8 damage)
             ... on level 11 of the Dungeon on Nov 28, 2018.
             The game lasted 01:47:38 (11909 turns).

PipTheRed the Cleaver (Minotaur Gladiator)         Turns: 11909, Time: 01:47:42

Health: -4/97      AC: 17    Str: 22    XL:     11   Next: 70%
Magic:  10/10      EV: 23    Int:  5    God:    Trog [*****.]
Gold:   491        SH:  4    Dex: 12    Spells: 10/10 levels left

rFire    x . .     SeeInvis +   b - +9 whip of Defiance {venom, rPois rF- rN+}
rCold    . . .     Gourm    .   H - +0 buckler
rNeg     + . .     Faith    .   k - +3 plate armour
rPois    +         Spirit   .   c - +0 hat
rElec    .         Reflect  .   (no cloak)
rCorr    .         Harm     .   (no gloves)
MR       .....                  (no boots)
Stlth    ..........             M - amulet of the acrobat
HPRegen  0.26/turn              t - ring of see invisible
MPRegen  0.12/turn              s - ring of poison resistance

@: lethally poisoned (-4 -> -5)
A: retaliatory headbutt, horns 2
a: Berserk, Trog's Hand, Brothers in Arms, Renounce Religion


You were on level 11 of the Dungeon.
You worshipped Trog.
Trog was extremely pleased with you.
You were not hungry.

You visited 4 branches of the dungeon, and saw 14 of its levels.

You collected 571 gold pieces.
You spent 80 gold pieces at shops.

Inventory:

Hand Weapons
 b - the +9 whip of Defiance (weapon) {venom, rPois rF- rN+}
   (You took it off a centaur on level 7 of the Dungeon)

   It poisons the flesh of those it strikes.
   It makes you vulnerable to fire.
   It protects you from poison.
   It protects you from negative energy.
 l - a +0 shortbow
 q - a +2 whip of electrocution
 w - a +2 hunting sling of freezing
 y - a cursed +3 battleaxe
 N - a +0 battleaxe
 O - a +4 hand axe of freezing
 T - a +0 mace of holy wrath
 W - a +2 flail of crushing
Missiles
 d - 8 tomahawks
 e - 379 stones
 j - 151 arrows
 v - 33 sling bullets
 z - 7 tomahawks of returning (quivered)
 B - 86 bolts
 D - 18 poisoned needles
 R - 2 throwing nets
Armour
 c - a +0 hat (worn)
 k - a +3 plate armour (worn)
 n - a +0 cloak
 C - a +0 scale mail
 G - a cursed +0 ring mail
 H - a +0 buckler (worn)
 X - a +2 cloak of poison resistance
 Y - a +0 troll leather armour
Jewellery
 s - a ring of poison resistance (right hand)
 t - a ring of see invisible (left hand)
 x - an uncursed ring of magical power
 M - an amulet of the acrobat (around neck)
 P - an uncursed amulet of faith
Wands
 r - a wand of iceblast (6)
 A - a wand of digging (16)
 I - a wand of acid (15)
 Q - a wand of polymorph (36)
 V - a wand of flame (39)
Scrolls
 m - a scroll of blinking
 o - 2 scrolls of silence
 u - 2 scrolls of teleportation
 S - a scroll of summoning {unknown}
 U - a scroll of fog {unknown}
Potions
 a - 2 potions of might {unknown}
 g - 2 potions of mutation {unknown}
 h - 2 potions of haste
 i - 4 potions of brilliance
 p - 2 potions of heal wounds
 E - a potion of lignification {unknown}
 F - 2 potions of degeneration {unknown}
 J - 2 potions of flight {unknown}
 K - 5 potions of curing
 Z - a potion of resistance {unknown}
Comestibles
 f - 11 rations


   Skills:
 + Level 9.1 Fighting
 + Level 12.3(13.4) Axes
 - Level 9.3(12.0) Maces & Flails
 + Level 2.9(5.2) Slings
 + Level 6.2(6.5) Throwing
 + Level 10.4 Armour
 + Level 4.2 Dodging
 + Level 2.0 Stealth
 + Level 3.2 Shields


You had 10 spell levels left.
You didn't know any spells.
Your spell library contained the following spells:

 Spells                   Type           Power        Failure   Level  Hunger
 Animate Skeleton         Necr           N/A          100%        1    ##.....
 Apportation              Tloc           #.....       100%        1    ##.....
 Confusing Touch          Hex            #.....       100%        1    ##.....
 Flame Tongue             Conj/Fire      #....        100%        1    ##.....
 Pain                     Necr           #...         100%        1    ##.....
 Summon Small Mammal      Summ           #...         100%        1    ##.....
 Throw Flame              Conj/Fire      #.....       100%        2    ###....
 Confuse                  Hex            #.......     100%        3    ####...
 Conjure Flame            Conj/Fire      #.......     100%        3    ####...
 Gell's Gravitas          Tloc           #.........   100%        3    ####...
 Inner Flame              Hex/Fire       #.......     100%        3    ####...
 Regeneration             Chrm/Necr      #.........   100%        3    ####...
 Vampiric Draining        Necr           #.........   100%        3    ####...
 Animate Dead             Necr           N/A          100%        4    #####..
 Petrify                  Tmut/Erth      #.......     100%        4    #####..
 Sticky Flame             Conj/Fire      #.......     100%        4    #####..
 Fireball                 Conj/Fire      #.........   100%        5    ######.
 Metabolic Englaciation   Hex/Ice        #.........   100%        5    ######.
 Yara's Violent Unravell  Hex/Tmut       #.........   100%        5    ######.


Dungeon Overview and Level Annotations

Branches:
Dungeon (11/15)            Temple (1/1) D:4            Lair (1/6) D:11
    Orc (1/2) D:11

Altars:
Ashenzari
Cheibriados
Dithmenos
Elyvilon
Fedhas
Gozag
Hepliaklqana
Kikubaaqudgha
Makhleb
Nemelex Xobeh
Okawaru
Qazlal
Ru
Sif Muna
Trog
Uskayaw
Vehumet
Wu Jian
Xom
Yredelemnul
Zin
The Shining One

Shops:
D:4 *


Innate Abilities, Weirdness & Mutations

You reflexively headbutt those who attack you in melee.
You have a pair of horns on your head.


Message History

You feel sick.
You feel sick.
There is a staircase back to the Dungeon here.
You can't go down here!
The five-headed hydra bites you.
* * * LOW HITPOINT WARNING * * *
The five-headed hydra bites you but does no damage.
The five-headed hydra bites you!
* * * LOW HITPOINT WARNING * * *
The five-headed hydra bites you but does no damage. x2
You climb upwards.
Welcome back to the Dungeon!
You feel sick.
There is a staircase to the Lair here.
The five-headed hydra bites you.
* * * LOW HITPOINT WARNING * * *
The five-headed hydra closely misses you.
The five-headed hydra bites you!
* * * LOW HITPOINT WARNING * * *
The five-headed hydra bites you but does no damage.
The five-headed hydra bites you!
You die...

#.# #.##..P..P....##......... #.#
#.#........P.....##...### #.#
#..P..PPPP..P.##.#.>..# #.#
#....PPP..P...##......## #####.#
#...PPPP.P..P..........##
......###..PPP...PP.PP...#.#.....
)#######..PP...PP........#.#..###
.# #..P..P..P..P............. .#
#P....P.P@.P...........### .#
#.P.PP.PP>DP......#.##.).. .#
#P.P.....P.P....P...#####.
.#######.P....PP...PP......# #.
......)...PPPPP.P.P...P)..## #.
.########..PPP....P......## ###
.# #.P....P..P.....## #.. .#
##P..P........#[# #.. .#
#..P.P.P.....#.# #..


You could see a five-headed hydra.

Vanquished Creatures
  A hydra (Lair:1)
  Harold (D:11)
  An unseen horror (D:11)
  An ugly thing (D:11)
  A black mamba (Lair:1)
  A centaur skeleton (D:10)
  3 trolls
  The ghost of whitewolfNL the Cudgeler, an amateur MiBe of Trog (D:4)
  2 hornets
  A slime creature (D:10)
  A hippogriff (D:7)
  4 yaks (D:11)
  A wyvern (D:11)
  A human (D:9)
  2 wraiths (D:11)
  3 hungry ghosts
  4 hogs (D:9)
  2 two-headed ogre zombies (D:11)
  5 orc warriors
  2 porcupines (D:11)
  2 ice beasts (D:5)
  A necrophage (D:10)
  5 sky beasts
  2 black bears
  4 ogres
  3 phantoms
  3 centaurs
  2 crocodiles (D:11)
  2 big kobolds (D:10)
  7 bullfrogs
  3 scorpions
  A water moccasin skeleton (D:9)
  A troll zombie (D:11)
  3 killer bees (D:11)
  13 wights
  2 howler monkeys (D:5)
  6 crimson imps
  A bullfrog zombie (D:10)
  8 jellies
  9 orc priests
  A gnoll shaman (D:6)
  5 hounds
  9 orc wizards
  Crazy Yiuf (D:7)
  A bullfrog skeleton (D:4)
  6 iguanas
  Natasha (D:2)
  4 worker ants
  5 ogre zombies (D:11)
  2 hound zombies (D:8)
  Robin (D:3)
  A worker ant zombie (D:5)
  4 gnolls (D:6)
  A howler monkey skeleton (D:4)
  A river rat (D:4)
  13 adders
  4 shadow imps
  14 oozes (D:10)
  4 worms
  5 leopard geckos
  40 orcs
  2 ball pythons
  3 bats
  9 giant cockroaches
  13 goblins
  11 hobgoblins
  3 jackals (D:9)
  3 quokkas
  3 frilled lizards
  A goblin skeleton (D:11)
  3 goblin zombies (D:11)
  A hobgoblin skeleton (D:11)
  4 hobgoblin zombies (D:11)
  A jackal zombie (D:8)
  11 kobolds
  2 orc skeletons (D:11)
  14 orc zombies (D:11)
  A quokka zombie (D:6)
  7 rats
  7 fungi
  2 plants
340 creatures vanquished.

Vanquished Creatures (others)
  30 fungi
  6 plants (D:11)
36 creatures vanquished.

Grand Total: 376 creatures vanquished

Notes
Turn   | Place    | Note
-------+----------+-------------------------------------------
     0 | D:1      | PipTheRed the Minotaur Gladiator began the quest for the
                  | Orb.
     0 | D:1      | Reached XP level 1. HP: 18/18 MP: 0/0
   808 | D:2      | Reached skill level 4 in Axes
  1171 | D:2      | Reached XP level 2. HP: 25/25 MP: 1/1
  1213 | D:2      | HP: 1/25 [poisoned by an adder]
  1622 | D:2      | Reached skill level 1 in Armour
  1770 | D:2      | Noticed Natasha
  1777 | D:2      | Killed Natasha
  1777 | D:2      | Reached XP level 3. HP: 25/30 MP: 2/2
  1783 | D:2      | Found a shimmering altar of Xom.
  2115 | D:3      | Found a sacrificial altar of Ru.
  2132 | D:3      | Became a worshipper of Ru the Awakened
  2147 | D:3      | Reached XP level 4. HP: 37/37 MP: 3/3
  2179 | D:3      | Noticed Robin
  2181 | D:3      | Reached skill level 5 in Axes
  2185 | D:3      | Killed Robin
  2323 | D:3      | Reached XP level 5. HP: 39/45 MP: 4/4
  2383 | D:3      | Found a basalt altar of Yredelemnul.
  2400 | D:3      | Found a glowing golden altar of the Shining One.
  2411 | D:3      | Found a burning altar of Makhleb.
  2496 | D:3      | Found a snail-covered altar of Cheibriados.
  2716 | D:4      | Found a runed door.
  2726 | D:4      | Noticed whitewolfNL's ghost (amateur MiBe)
  2742 | D:4      | Reached skill level 1 in Slings
  2752 | D:4      | Killed whitewolfNL's ghost
  2752 | D:4      | Reached skill level 6 in Axes
  2752 | D:4      | Reached XP level 6. HP: 35/53 MP: 5/5
  2759 | D:4      | Found a runed door.
  2951 | D:4      | Reached skill level 7 in Axes
  2951 | D:4      | Reached XP level 7. HP: 51/60 MP: 6/6
  3398 | D:4      | Reached skill level 5 in Fighting
  3490 | D:4      | Reached skill level 8 in Axes
  3502 | D:4      | Found Muaduth's General Store.
  3505 | D:4      | Bought a potion of curing for 30 gold pieces
  3505 | D:4      | Bought a potion of heal wounds for 50 gold pieces
  3547 | D:4      | Found a staircase to the Ecumenical Temple.
  3567 | Temple   | Entered the Ecumenical Temple
  3655 | Temple   | Fell from the grace of Ru
  3655 | Temple   | Became a worshipper of Trog the Wrathful
  3784 | D:5      | Entered Level 5 of the Dungeon
  3932 | D:5      | Reached XP level 8. HP: 48/68 MP: 7/7
  4086 | D:5      | Reached skill level 9 in Axes
  4195 | D:5      | Found a shadowy altar of Dithmenos.
  4680 | D:6      | Reached skill level 5 in Armour
  4683 | D:6      | Reached skill level 10 in Axes
  4972 | D:6      | Reached * piety under Trog
  5480 | D:7      | Noticed a hippogriff
  5482 | D:7      | Killed a hippogriff
  5482 | D:7      | Reached XP level 9. HP: 73/75 MP: 8/8
  5690 | D:7      | Reached skill level 1 in Stealth
  5747 | D:7      | Reached skill level 11 in Axes
  5763 | D:7      | Got an uncursed crystal whip {venom}
  5764 | D:7      | Identified the +9 whip of Defiance {venom, rPois rF- rN+}
                  | (You took it off a centaur on level 7 of the Dungeon)
  6065 | D:7      | Reached skill level 12 in Axes
  6197 | D:7      | Reached skill level 1 in Maces & Flails
  6260 | D:7      | Reached ** piety under Trog
  6647 | D:7      | Found a runed door.
  6651 | D:7      | Noticed Crazy Yiuf
  6654 | D:7      | Killed Crazy Yiuf
  6868 | D:8      | Got a colourful robe
  7345 | D:8      | Found a blossoming altar of Fedhas.
  7444 | D:9      | Reached XP level 10. HP: 84/84 MP: 9/9
  7462 | D:9      | Found a radiant altar of Vehumet.
  7716 | D:9      | Reached skill level 1 in Shields
  7773 | D:9      | Found a sparkling altar of Nemelex Xobeh.
  8247 | D:9      | Reached skill level 5 in Maces & Flails
  8567 | D:10     | Entered Level 10 of the Dungeon
  8580 | D:10     | Reached *** piety under Trog
  9151 | D:10     | Paralysed by a hornet for 1 turns
  9388 | D:10     | Reached skill level 5 in Throwing
  9579 | D:10     | Reached **** piety under Trog
  9890 | D:11     | Noticed an unseen horror
  9895 | D:11     | Killed an unseen horror
  9895 | D:11     | Reached XP level 11. HP: 86/94 MP: 10/10
 10104 | D:11     | Found a staircase to the Orcish Mines.
 10155 | D:11     | Received a gift from Trog
 10320 | D:11     | Reached ***** piety under Trog
 10474 | D:11     | Found a staircase to the Lair.
 10474 | D:11     | Noticed a green ugly thing
 10490 | D:11     | Killed a green ugly thing
 10662 | Orc:1    | Entered Level 1 of the Orcish Mines
 11185 | D:11     | Noticed Harold
 11200 | D:11     | Killed Harold
 11200 | D:11     | Reached skill level 10 in Armour
 11488 | Lair:1   | Entered Level 1 of the Lair of Beasts
 11550 | Lair:1   | Noticed an eight-headed hydra
 11864 | Lair:1   | Killed an eight-headed hydra
 11892 | Lair:1   | Noticed a five-headed hydra
 11909 | D:11     | HP: 4/97 [five-headed hydra (7)]
 11909 | D:11     | Slain by a five-headed hydra

Skill      XL: |  1  2  3  4  5  6  7  8  9 10 11 |
---------------+----------------------------------+-----
Axes           | 4 5 6 7 8 10 12 | 12.3
Armour         | 1 2 3 4 5 7 9 10 | 10.4
Fighting       | 3 4 5 6 8 9 |  9.1
Slings         | 1 2 |  2.9
Stealth        | 1 2 |  2.0
Maces & Flails | 3 7 9 |  9.3
Throwing       | 5 6 |  6.2
Shields        | 2 3 |  3.2
Dodging        | 4 |  4.2

Action                   |  1- 3 |  4- 6 |  7- 9 | 10-12 || total
-------------------------+-------+-------+-------+-------++-------
Melee: War axe           |    94 |    83 |   130 |       ||   307
       Headbutt          |    16 |    24 |    65 |   120 ||   225
       Battleaxe         |       |       |    75 |       ||    75
       Whip              |       |       |   128 |   495 ||   623
       Hand axe          |       |       |     2 |       ||     2
 Fire: Hunting sling     |       |     8 |    10 |       ||    18
Throw: Stone             |       |       |     6 |     2 ||     8
       Throwing net      |       |       |     2 |       ||     2
       Tomahawk          |       |       |     9 |    58 ||    67
Invok: Berserk           |       |       |     1 |     2 ||     3
       Trog's Hand       |       |       |       |     2 ||     2
  Use: Scroll            |     6 |     5 |     5 |     8 ||    24
       Potion            |     1 |       |     2 |     1 ||     4
 Stab: Distracted        |       |       |     1 |       ||     1
       Held in net/web   |       |       |     1 |       ||     1
  Eat: Ration            |     1 |     1 |     5 |     5 ||    12
       Chunk             |       |       |       |     3 ||     3
Armor: Plate armour      |    50 |    48 |   129 |   153 ||   380
       Scale mail        |       |       |    12 |       ||    12
Dodge: Dodged            |    29 |    30 |   130 |   176 ||   365
Block: Buckler           |       |       |     5 |    54 ||    59
